[Event "Early-Titled-Tuesday-Blitz-April-23-2024"]
[Site "Chess.com"]
[Date "2024.04.23"]
[Round "8"]
[White "Eliwood44"]
[Black "Maria_Elayza"]
[Result "1-0"]
[WhiteElo "2469"]
[BlackElo "2168"]
[TimeControl "180+1"]
[EndTime "9:30:39 PDT"]
[Termination "Eliwood44 won by resignation"]

1. d4 d5 2. c4 e6 3. Nc3 Nf6 4.
cxd5 exd5 5. Bg5 Be7 6. e3 O-O 7. Bd3 h6 8. Bh4 c6 9. Nge2 Bg4 10. f3 Bh5 11. Bf2 Nbd7 12. Qc2 Re8 13. g4 Bg6 14. Bxg6 fxg6 15. Qxg6 Nf8 16. Qc2 c5 17. O-O-O c4 18. h4 b5 19. g5 Nh5 20. gxh6 b4 21. Nb1 b3 22. axb3 cxb3 23. Qf5 Rc8+ 24. Nbc3 Qa5 25. Kb1 Bb4 26. hxg7 Nh7 27. Qxd5+ Qxd5 28. Nxd5 Be7 29. Rc1 Rb8 30. Rc7 Bf6 31. e4 Nxg7 32. Nxf6+ Nxf6 33. Rg1 Nh5 34. Nf4 Nxf4 35. Rgxg7+ Kh8 36. d5 Rbc8 37. Bd4 Rxc7 38. Rxc7+ Kg8 39. Rg7+ Kf8 40.
Rb7 a5 41. Rxb3 Nd3 42. Rxd3 1-0

[Event "Early-Titled-Tuesday-Blitz-April-23-2024"]
[Site "Chess.com"]
[Date "2024.04.23"]
[Round "8"]
[White "DanielNaroditsky"]
[Black "HajiyevKanan"]
[Result "1-0"]
[WhiteElo "2998"]
[BlackElo "2620"]
[TimeControl "180+1"]
[EndTime "9:30:42 PDT"]
[Termination "DanielNaroditsky won on time"]

1. e4 c6 2. d4 d5 3. exd5 cxd5 4. Nf3 Nc6 5. Bb5 Bg4 6. c4 a6 7. Bxc6+ bxc6 8. Qa4 Bd7 9. Ne5 e6 10. c5 Ne7 11. Bf4 f6 12. Nf3 Ng6 13. Bg3 h5 14.
h4 Be7 15. Qc2 Kf7 16. O-O Qc8 17. Re1 Bd8 18. Nc3 Bc7 19. Bd6 Bxd6 20. cxd6 Qb8 21. Na4 Qxd6 22. Nc5 Ra7 23. Re3 a5 24. Rae1 Re8 25.
Ne5+ Nxe5 26. dxe5 Qe7 27. exf6 gxf6 28. Qh7+ Kf8 29. Qh8+ Kf7 30. Qxh5+ Kf8 31. Rg3 Qxc5 32. Qh7 1-0

[Event "Early-Titled-Tuesday-Blitz-April-23-2024"]
[Site "Chess.com"]
[Date "2024.04.23"]
[Round "8"]
[White "ReinisUz"]
[Black "AljoschaFeuerstack"]
[Result "0-1"]
[WhiteElo "2466"]
[BlackElo "2603"]
[TimeControl "180+1"]
[EndTime "9:30:44 PDT"]
[Termination "AljoschaFeuerstack won by resignation"]

1. e4 c6 2. Nf3 d5 3. exd5 cxd5 4. d4 a6 5. c3 Nc6 6. Bf4 Bg4 7. Nbd2 e6 8. Be2 Nf6 9. h3 Bh5 10. O-O Bd6 11. Bxd6 Qxd6 12. Ne5 Nxe5 13. Bxh5 Nxh5 14. Qxh5 Nd7 15. Qg4 O-O 16. Rfe1 b5 17. Re3 b4 18. Rg3 g6 19. Qg5 bxc3 20. bxc3 Rfc8 21. Re1 Rc7 22.
Ree3 Rac8 23. Qh6 Qf8 24. Qh4 Qa3 25. Nf3 Rxc3 26. Rxc3 Rxc3 27. Ng5 Nf8 28. Qf4 Qc1+ 29.
Qxc1 Rxc1+ 30. Kh2 Rc2 31. Rf3 f5 32. Kg3 h6 0-1

[Event "Early-Titled-Tuesday-Blitz-April-23-2024"]
[Site "Chess.com"]
[Date "2024.04.23"]
[Round "8"]
[White "GMKrikor"]
[Black "Grischuk"]
[Result "0-1"]
[WhiteElo "2896"]
[BlackElo "3071"]
[TimeControl "180+1"]
[EndTime "9:30:47 PDT"]
[Termination "Grischuk won by resignation"]

1. Nf3 d5 2. c4 c6 3. d4 Nf6 4.
Nc3 dxc4 5. e4 b5 6. Qc2 e6 7. Be2 a5 8. a4 Ba6 9. O-O Be7 10. e5 Nd5 11. Ne4 h6 12. b3 cxb3 13. Qxb3 b4 14. Bxa6 Nxa6 15. Bb2 c5 16. Rac1 Qb6 17. Nd6+ Bxd6 18.
exd6 O-O 19. Ne5 Qxd6 20. dxc5 Nxc5 21. Rxc5 Qxc5 22. Nd7 Qd6 23. Nxf8 Qxf8 24. Rc1 Rc8 25. Rxc8 Qxc8 26. Qg3 Nc3 27. Kf1 Qc4+ 0-1

[Event "Early-Titled-Tuesday-Blitz-April-23-2024"]
[Site "Chess.com"]
[Date "2024.04.23"]
[Round "8"]
[White "KogotBobra17"]
[Black "Durarbayli"]
[Result "1/2-1/2"]
[WhiteElo "2777"]
[BlackElo "2927"]
[TimeControl "180+1"]
[EndTime "9:30:48 PDT"]
[Termination "Game drawn by repetition"]

1. e4 e5 2. Nf3 Nc6 3. c3 d5 4. exd5 Qxd5 5. d4 exd4 6. cxd4 Bb4+ 7. Nc3 Bg4 8. Be2 O-O-O 9. O-O Qa5 10. Be3 Nf6 11.
Rc1 Rhe8 12. a3 Bxc3 13. Rxc3 Ne4 14. Rc1 f6 15. h3 Be6 16. Qc2 Qd5 17. Rfd1 Nd6 18. Qd2 Kb8 19. Rc5 Qa2 20. Bd3 Bd5 21. Bb1 Qb3 22. Bc2 Qa2 23. Bb1 Qb3 24. Bc2 Qa2 25. Bb1 1/2-1/2

[Event "Early-Titled-Tuesday-Blitz-April-23-2024"]
[Site "Chess.com"]
[Date "2024.04.23"]
[Round "8"]
[White "Mikhail_Bryakin"]
[Black "sonicdravise"]
[Result "1-0"]
[WhiteElo "2841"]
[BlackElo "2607"]
[TimeControl "180+1"]
[EndTime "9:30:49 PDT"]
[Termination "Mikhail_Bryakin won by resignation"]

1. e4 c6 2. c4 d5 3. cxd5 cxd5 4. exd5 Nf6 5. Nc3 g6 6. Bb5+ Nbd7 7. Nf3 Bg7 8. O-O O-O 9. d3 a6 10.
Bc4 b5 11. Bb3 Bb7 12. Bg5 b4 13. Ne4 Bxd5 14. Bxd5 Nxd5 15. Qb3 N7b6 16. Rac1 a5 17. a4 h6 18. Bd2 Qd7 19. Nc5 Qf5 20. Rfe1 Rac8 21.
h3 g5 22. d4 g4 23. hxg4 Qxg4 24. Re4 Qg6 25. Rce1 Kh8 26. Ne5 Qf5 27. Rh4 f6 28.
Ng4 h5 29. Qh3 Kg8 30. Rxh5 Qc2 31. Nh6+ Bxh6 32. Bxh6 Qg6 33. Bxf8 Rxf8 34. Rh8+ Kg7 35. Ne6+ 1-0

[Event "Early-Titled-Tuesday-Blitz-April-23-2024"]
[Site "Chess.com"]
[Date "2024.04.23"]
[Round "8"]
[White "TacticalSam94"]
[Black "Cipy77"]
[Result "0-1"]
[WhiteElo "2183"]
[BlackElo "2556"]
[TimeControl "180+1"]
[EndTime "9:30:54 PDT"]
[Termination "Cipy77 won by resignation"]

1. e4 c6 2. Nf3 d5 3. exd5 cxd5 4.
Ne5 Nc6 5. Bb5 Bd7 6. Bxc6 bxc6 7. d4 e6 8. O-O Nf6 9. Bg5 Be7 10. Nd2 O-O 11.
Ndf3 Rc8 12. c3 c5 13. Re1 Ne4 14. Bxe7 Qxe7 15. dxc5 Nxc5 16. Nd4 Rfd8 17. Nxd7 Qxd7 18. Qf3 Rb8 19. Re2 Ne4 20. Rae1 Rb6 21. h4 Rdb8 22. Nb3 h6 23. Qd3 Qd8 24. Re3 Qxh4 25. Qe2 Qf6 26.
Rf3 Qe7 27. Rf4 Nc5 28. Nxc5 Qxc5 29. Qf3 R8b7 30. b3 Rc6 31. Re3 Qe7 32. Kh2 Rbc7 33. g3 Qg5 34. Kg2 Qg6 35. Rg4 Qc2 36. Qf6 g6 37.
Rf3 Rxc3 38. Qd8+ Kh7 39. Rh4 Rxf3 40. Rxh6+ Kxh6 41. Qh8+ Kg5 42. Qh4+ Kf5 43. Kxf3 Qe4+ 44. Qxe4+ dxe4+ 0-1

[Event "Early-Titled-Tuesday-Blitz-April-23-2024"]
[Site "Chess.com"]
[Date "2024.04.23"]
[Round "8"]
[White "LuisFSiles"]
[Black "dianamirza"]
[Result "1-0"]
[WhiteElo "2455"]
[BlackElo "2007"]
[TimeControl "180+1"]
[EndTime "9:30:57 PDT"]
[Termination "LuisFSiles won on time"]

1. e4 d5 2. Nc3 dxe4 3. Nxe4 Nc6 4. Nf3 g6 5. Bc4 Bg7 6. h4 Nf6 7. Neg5 O-O 8. h5 Nxh5 9. Rxh5 gxh5 10. Nxf7 Rxf7 11. Ng5 Ne5 12. Qxh5 Nxc4 13. Qxf7+ Kh8 14. Qxc4 Qf8 15. d4 e6 16. Qd3 Qf5 17. Qxf5 exf5 18. Be3 Kg8 19. O-O-O Bd7 20. Rh1 Re8 21. Nxh7 f4 22. Bxf4 Bf5 23. Ng5 Bxd4 24. Nf3 Bxf2 25. Be5 Be3+ 26. Kd1 Rd8+ 27. Ke2 1-0

[Event "Early-Titled-Tuesday-Blitz-April-23-2024"]
[Site "Chess.com"]
[Date "2024.04.23"]
[Round "8"]
[White "maciek_92"]
[Black "sergoy"]
[Result "1-0"]
[WhiteElo "2857"]
[BlackElo "2921"]
[TimeControl "180+1"]
[EndTime "9:30:58 PDT"]
[Termination "maciek_92 won by resignation"]

1. c4 e5 2. Nc3 Nf6 3. g3 d5 4. cxd5 Nxd5 5. Bg2 Nb6 6. e3 Nc6 7. Nge2 h5 8. d4 h4 9. d5 Ne7 10. O-O hxg3 11. fxg3 Bh3 12. Bxh3 Rxh3 13. Rxf7 Rxg3+ 14. Nxg3 Kxf7 15. e4 Kg8 16. Bg5 Qd6 17. Kh1 c6 18. Bxe7 Qxe7 19. Nf5 Qf6 20. a4 cxd5 21. a5 d4 22.
axb6 dxc3 23. bxa7 cxb2 24. Qb3+ Kh7 25. Qxb2 b6 26. Qb5 Bc5 27. Qd7 b5 28. Qb7 Qf8 29.
Ra6 Rxa7 30. Rxa7 Bxa7 31. Qxa7 b4 32. Qb7 Kh8 33. Qb5 Qf6 34. Qxb4 g6 35. Qe7 Qxe7 36.
Nxe7 1-0

[Event "Early-Titled-Tuesday-Blitz-April-23-2024"]
[Site "Chess.com"]
[Date "2024.04.23"]
[Round "8"]
[White "sterpfi"]
[Black "LLariMarc"]
[Result "0-1"]
[WhiteElo "2256"]
[BlackElo "2486"]
[TimeControl "180+1"]
[EndTime "9:30:59 PDT"]
[Termination "LLariMarc won by resignation"]

1. e4 e6 2. d4 d5 3. exd5 exd5 4. Nf3 Bd6 5. c4 c6 6. Nc3 Ne7 7. Bd3 O-O 8. O-O dxc4 9. Bxc4 Nd7 10. Re1 Nb6 11. Bb3 Ned5 12. Ne4 Bg4 13. h3 Bh5 14. g4 Bg6 15. Ne5 Bxe4 16. Rxe4 a5 17.
f4 a4 18. Bc2 f6 19. Nf3 a3 20.
Qe1 axb2 21. Bxb2 Nxf4 22. Rxf4 Bxf4 23. Qe4 Nd5 24. Qxh7+ Kf7 25. Re1 Be3+ 26. Rxe3 Nxe3 27. Qg6+ Ke7 28. Qe4+ Kd7 29. Qxe3 Re8 30. Qf4 Qc7 31. Bf5+ Kd8 32. Qd2 Qg3+ 33. Qg2 Qxg2+ 34. Kxg2 Re2+ 35.
Kg3 Rxb2 36. h4 Raxa2 37. h5 b5 38. g5 fxg5 39. Nxg5 Rg2+ 40. Kf4 Raf2+ 41. Nf3 b4 42. Ke4 b3 43. Ne5 Re2+ 44. Kd3 b2 45. Nxc6+ Kc7 46.
Kc4 Kxc6 47. h6 gxh6 0-1

[Event "Early-Titled-Tuesday-Blitz-April-23-2024"]
[Site "Chess.com"]
[Date "2024.04.23"]
[Round "8"]
[White "adotand"]
[Black "AlainBruxelles"]
[Result "1-0"]
[WhiteElo "2923"]
[BlackElo "2366"]
[TimeControl "180+1"]
[EndTime "9:31:00 PDT"]
[Termination "adotand won on time"]

1. Nc3 d5 2. d4 Nf6 3. Bf4 e6 4. Nb5 Na6 5. e3 c6 6. Nc3 Nc7 7. g4 Bd6 8. g5 Bxf4 9. exf4 Ng8 10. h4 Ne7 11. Bd3 a6 12. Nf3 Nb5 13. Ne2 Nd6 14. c3 Ndf5 15. h5 Qc7 16. Qd2 Bd7 17. Ne5 f6 18.
Ng4 O-O-O 19. O-O-O Rdf8 20. h6 fxg5 21. fxg5 gxh6 22. gxh6 Rhg8 23. Ne5 Ng6 24. Nxg6 Rxg6 25. Rdg1 Rgf6 26. f4 Be8 27. Bxf5 Rxf5 28. Rg7 R5f7 29.
Rhg1 Qe7 30. Qe3 Qf6 31. Qe5 Qxh6 32. Kd2 Qf6 33. Qxf6 Rxf6 34. Rxh7 R6f7 35. Rh6 Bd7 36. Ke3 Kc7 37. b4 Kd6 38. a3 Bc8 39. Rh4 b6 40. Rg5 a5 41. Ng3 Ba6 42. f5 axb4 43. axb4 Re7 44.
Rh6 Rfe8 45. Kf4 Kd7 46. f6 Rf7 47. Ke5 Ref8 48. Rg7 Bd3 49. Rxf7+ Rxf7 50. Nh5 Bf5 51.
Ng7 1-0

[Event "Early-Titled-Tuesday-Blitz-April-23-2024"]
[Site "Chess.com"]
[Date "2024.04.23"]
[Round "8"]
[White "Vse_po_kaify"]
[Black "Aleksandar-Topalov"]
[Result "1-0"]
[WhiteElo "2565"]
[BlackElo "2392"]
[TimeControl "180+1"]
[EndTime "9:31:00 PDT"]
[Termination "Vse_po_kaify won on time"]

1. e4 e6 2. d4 d5 3. Bd3 dxe4 4. Bxe4 Nf6 5. Bf3 c5 6. Ne2 Nc6 7. Be3 e5 8. Bxc6+ bxc6 9. dxe5 Qxd1+ 10. Kxd1 Ng4 11. Nd2 Nxe5 12. Ne4 Nc4 13. Bxc5 Nxb2+ 14. Kc1 Na4 15. Bxf8 Kxf8 16. N2c3 Nb6 17. Nc5 Nc4 18. Re1 Rb8 19. f3 h5 20. N3e4 Rh6 21. Rb1 Rb6 22. Na4 Rb5 23. Rb3 Be6 24. Nac3 Ra5 25. Rb8+ Ke7 26. Rb7+ Kf8 27. Rd1 g5 28. Ne2 Rxa2 29. Nd4 Ra1+ 30. Rb1 Rxb1+ 31. Kxb1 Bd5 32. Nxg5 Rg6 33. h4 f6 34. Nge6+ Kf7 35. Nf4 Rh6 36. Nf5 Rh8 37. Nxd5 Rb8+ 38. Kc1 cxd5 39. Rxd5 1-0

[Event "Early-Titled-Tuesday-Blitz-April-23-2024"]
[Site "Chess.com"]
[Date "2024.04.23"]
[Round "8"]
[White "Makswolf200817"]
[Black "TigrVShlyape"]
[Result "0-1"]
[WhiteElo "2811"]
[BlackElo "3027"]
[TimeControl "180+1"]
[EndTime "9:31:04 PDT"]
[Termination "TigrVShlyape won by resignation"]

1. d4 d5 2. c4 c6 3. Nf3 Nf6 4.
g3 g6 5. Bg2 Bg7 6. O-O O-O 7. a4 a5 8. cxd5 cxd5 9. Nc3 Nc6 10. Nb5 Bd7 11. Bf4 Rc8 12. Rc1 Qb6 13. Qb3 Nb4 14.
Nc3 e6 15. Ne5 Qxd4 16. Rfd1 Qb6 17. Bg5 Bc6 18. Be3 Qc7 19. Nxc6 bxc6 20. Bc5 Rfd8 21.
Bxb4 axb4 22. Qxb4 Rb8 23. Qa3 Qb6 24. Rd2 Ng4 25.
Nd1 Ne5 26. a5 Qb4 27. Qxb4 Rxb4 28. Ne3 g5 29. Rdc2 Ra8 30. Ra1 Ra6 31. Bf1 Rb5 32. f4 gxf4 33. gxf4 Ng6 34. f5 Bd4 35. fxg6 Bxe3+ 36. Kh1 hxg6 37. Ra3 d4 38. Bg2 c5 0-1

[Event "Early-Titled-Tuesday-Blitz-April-23-2024"]
[Site "Chess.com"]
[Date "2024.04.23"]
[Round "8"]
[White "average_trans"]
[Black "KorolDimitriy75"]
[Result "1-0"]
[WhiteElo "2240"]
[BlackElo "2319"]
[TimeControl "180+1"]
[EndTime "9:31:05 PDT"]
[Termination "average_trans won on time"]

1. d4 Nf6 2. d5 c6 3. dxc6 Nxc6 4. c4 g6 5. Nc3 Bg7 6. f3 O-O 7. e4 d6 8. Be3 Qa5 9. Ne2 Bd7 10. Nd4 Rfc8 11.
Rc1 Ne5 12. b3 b5 13. Bd2 bxc4 14. Nd5 Qd8 15. bxc4 Nxd5 16. cxd5 Rxc1 17. Bxc1 Rc8 18. Be2 Qa5+ 19. Bd2 Qxa2 20. O-O Nc4 21. Bc1 Ba4 22. Qd3 Ne5 23. Qa6 Rb8 24. Be3 Bb3 25. f4 Qxa6 26. Bxa6 Ng4 27. Nc6 Re8 28. Bxa7 h5 29. h3 1-0

[Event "Early-Titled-Tuesday-Blitz-April-23-2024"]
[Site "Chess.com"]
[Date "2024.04.23"]
[Round "8"]
[White "ozates"]
[Black "only_strong_moves"]
[Result "1-0"]
[WhiteElo "2565"]
[BlackElo "2695"]
[TimeControl "180+1"]
[EndTime "9:31:06 PDT"]
[Termination "ozates won by resignation"]

1. e4 d5 2. exd5 Qxd5 3. Nc3 Qa5 4. d4 Nf6 5. h3 h5 6. Nf3 Bf5 7. Ne5 c6 8. Bc4 e6 9. Qe2 Nbd7 10. Bd2 Nxe5 11. dxe5 Nd7 12. Bf4 Bb4 13. O-O Bxc3 14. bxc3 Qxc3 15. Bb3 O-O-O 16. Bg5 Rdg8 17. Rfd1 Qxe5 18.
Qf3 Qe4 19. Qc3 Qe5 20. Qf3 Qc7 21. Bf4 Ne5 22. Qe3 f6 23. Bxe5 Qxe5 24. Qxa7 Rd8 25. Re1 Qc3 26. Rab1 Rd7 27. Qa8+ Kc7 28. Qxh8 Bxh3 29.
gxh3 Qxh3 30. Bxe6 Qh4 31. Bxd7 1-0

[Event "Early-Titled-Tuesday-Blitz-April-23-2024"]
[Site "Chess.com"]
[Date "2024.04.23"]
[Round "8"]
[White "DonJuanEGenaro"]
[Black "Manukyan_Artak"]
[Result "0-1"]
[WhiteElo "2049"]
[BlackElo "2464"]
[TimeControl "180+1"]
[EndTime "9:31:07 PDT"]
[Termination "Manukyan_Artak won by resignation"]

1. d4 d5 2. Nf3 Nf6 3. c4 dxc4 4.
Nc3 c5 5. d5 e6 6. e4 exd5 7.
exd5 a6 8. Bxc4 b5 9. Bb3 c4 10. Bc2 Bb4 11. O-O O-O 12. Bg5 h6 13. Bxf6 Qxf6 14.
Nd4 Rd8 15. Ne4 Qe5 16. Re1 Bxe1 17. Nf3 Bxf2+ 18. Kxf2 Qxb2 19. Rb1 Qa3 20. Qd4 Nd7 21. Re1 Qxa2 22. Re2 Qa5 23. Ne5 Nxe5 24. Qxe5 Bg4 25. Rd2 f5 26. Qe6+ Kh8 27. Nf6 Qxd2+ 28. Kg3 Qxc2 0-1

[Event "Early-Titled-Tuesday-Blitz-April-23-2024"]
[Site "Chess.com"]
[Date "2024.04.23"]
[Round "8"]
[White "Smiechu"]
[Black "BozeKat"]
[Result "1-0"]
[WhiteElo "2462"]
[BlackElo "2120"]
[TimeControl "180+1"]
[EndTime "9:31:08 PDT"]
[Termination "Smiechu won by resignation"]

1. e4 c5 2. Nf3 a6 3. Nc3 b5 4.
d4 cxd4 5. Nxd4 Bb7 6. Bd3 e6 7. O-O Nf6 8. e5 Nd5 9. Nxd5 Bxd5 10. Qe2 Bc5 11. c3 O-O 12. Be3 Bxd4 13. Bxd4 Nc6 14.
Be4 Nxd4 15. cxd4 Bxe4 16. Qxe4 d5 17. Qe3 Rc8 18. Rac1 Rc4 19. b3 Rc8 20. Rxc8 Qxc8 21. Rc1 Qb7 22. Qc3 Qa7 23. Qc5 Qxc5 24. Rxc5 f6 25. Rc6 fxe5 26. dxe5 Rf5 27. Rxe6 Kf7 28. Rxa6 Rxe5 29. Kf1 Ke7 30. Rb6 d4 31. Rc6 d3 32.
Rc1 Re2 33. Re1 Kd6 34. Rxe2 dxe2+ 35. Kxe2 b4 36. Kd3 Kc5 37. h4 Kd5 38. f4 h5 39.
g3 g6 40. Ke3 Kc5 41. Ke4 Kd6 42. f5 gxf5+ 43. Kxf5 Kd5 44. g4 Kd4 45. gxh5 Kc3 46. Ke4 Kb2 47. Kd3 Kxa2 48. Kc4 1-0

[Event "Early-Titled-Tuesday-Blitz-April-23-2024"]
[Site "Chess.com"]
[Date "2024.04.23"]
[Round "8"]
[White "jk13"]
[Black "szachuspl"]
[Result "1-0"]
[WhiteElo "2688"]
[BlackElo "2533"]
[TimeControl "180+1"]
[EndTime "9:31:09 PDT"]
[Termination "jk13 won by resignation"]

1. d4 Nf6 2. Bg5 d5 3. Nd2 Nbd7 4. e3 e6 5. Bd3 Be7 6. c3 c5 7. f4 O-O 8. Ngf3 b6 9. O-O Bb7 10. Ne5 Ne4 11. Bxe7 Qxe7 12. Qc2 Ndf6 13. Ndf3 g6 14. Ng5 h6 15. Nxe4 Nxe4 16. Rad1 Kg7 17. Qe2 f6 18. Nf3 a5 19. Nd2 Nxd2 20. Rxd2 f5 21.
g4 c4 22. Bc2 Qh4 23. Bd1 b5 24. Qf3 Kh7 25. Rg2 Rg8 26. Kh1 Qe7 27. Rg3 Rh8 28.
Rfg1 Rag8 29. Qg2 Qf7 30. Qh3 Bc6 31. Qh4 b4 32. Bc2 b3 33. axb3 cxb3 34. Bxb3 Rb8 35. gxf5 exf5 36. Rxg6 Qxg6 37. Qe7+ 1-0

[Event "Early-Titled-Tuesday-Blitz-April-23-2024"]
[Site "Chess.com"]
[Date "2024.04.23"]
[Round "8"]
[White "Andrey_Klymchuk"]
[Black "Grossboss19"]
[Result "0-1"]
[WhiteElo "2681"]
[BlackElo "2634"]
[TimeControl "180+1"]
[EndTime "9:31:10 PDT"]
[Termination "Grossboss19 won by resignation"]

1. e4 c5 2. d3 g6 3. g3 Bg7 4. Bg2 Nc6 5. Nd2 Nf6 6. f4 O-O 7. Ne2 d6 8. h3 Rb8 9. O-O Nd7 10.
Nf3 b5 11. g4 b4 12. Kh1 e6 13. f5 Nde5 14. Bg5 Bf6 15. Bh6 Bg7 16. Bxg7 Kxg7 17.
Nxe5 dxe5 18. f6+ Kh8 19. Qc1 Rg8 20. Qg5 Qf8 21. Ng1 h6 22. Qh4 g5 23. Qg3 Rg6 24. c3 Qd8 25. Qf3 Ba6 26. Rad1 Qa5 27. c4 Rd8 28. Qe3 Nd4 29. Ne2 Qc7 30. Ng3 Bb7 31.
Nh5 a5 32. Kh2 a4 33. Kg3 a3 34. b3 Qd6 35. Rd2 Nc6 36. Rh1 Qd4 37. Qe2 Qc3 38. h4 Nd4 39. Qd1 Rdg8 40. Rh3 gxh4+ 41. Rxh4 Bc6 42.
Bf1 Rg5 43. Rdh2 R8g6 44. Qd2 Bxe4 45. Qe3 Nf5+ 0-1

[Event "Early-Titled-Tuesday-Blitz-April-23-2024"]
[Site "Chess.com"]
[Date "2024.04.23"]
[Round "8"]
[White "kuchma777"]
[Black "Sasha_Solovev_777"]
[Result "1-0"]
[WhiteElo "2478"]
[BlackElo "2237"]
[TimeControl "180+1"]
[EndTime "9:31:12 PDT"]
[Termination "kuchma777 won on time"]

1. e4 c5 2. Nf3 d6 3. d4 cxd4 4. Nxd4 Nf6 5. Nc3 a6 6. h3 e5 7. Nde2 Be7 8. g4 h6 9. Bg2 Nbd7 10. Be3 Nf8 11. Qd2 Ng6 12. O-O-O Nh4 13. Rhg1 Nxg2 14. Rxg2 Qc7 15. Ng3 b5 16. Nf5 Bxf5 17. gxf5 b4 18. Nd5 Nxd5 19. Qxd5 Rc8 20. f4 Qc4 21. fxe5 dxe5 22.
Kb1 Qxd5 23. Rxd5 Bf6 24. Bc5 Rd8 25. Rgd2 Rxd5 26. Rxd5 h5 27. Bxb4 h4 28. Ra5 Rh5 29. Rxa6 Rg5 30. Ra8+ Kd7 31. Ra7+ Kc6 32. b3 Rg3 33. Rxf7 Rxh3 34. Be7 1-0

[Event "Early-Titled-Tuesday-Blitz-April-23-2024"]
[Site "Chess.com"]
[Date "2024.04.23"]
[Round "8"]
[White "Louis-Paulsen-Fan"]
[Black "Zarinur"]
[Result "0-1"]
[WhiteElo "2350"]
[BlackElo "2514"]
[TimeControl "180+1"]
[EndTime "9:31:14 PDT"]
[Termination "Zarinur won on time"]

1. d4 Nf6 2. Nf3 d5 3. c4 e6 4. Nc3 dxc4 5. Bg5 a6 6. e4 b5 7. e5 h6 8. Bh4 g5 9. exf6 gxh4 10. Ne5 Bb7 11. Nxf7 Qxf6 12. Nxh8 Qxh8 13. Qh5+ Kd8 14. O-O-O Nd7 15. d5 e5 16. Ne4 Be7 17. Be2 Qg7 18.
Bg4 Nc5 19. Nxc5 Bxc5 20. Qxh4+ Qg5+ 21. Qxg5+ hxg5 22. h4 Bxf2 23. hxg5 Be3+ 24. Kc2 Bxg5 25. Rh8+ Ke7 26. Rxa8 Bxa8 27. Bf3 Kd6 28. Rh1 Kc5 29. Rh5 Bf4 30. Rh7 Kd4 31. Re7 Bxd5 32. Bxd5 Kxd5 33.
Rxc7 e4 34. Ra7 e3 35. Kd1 Be5 36. Rxa6 Bxb2 37. Ke2 Bd4 38. g4 c3 39. Ra8 c2 40.
Rd8+ Kc4 41. Rc8+ Bc5 0-1

[Event "Early-Titled-Tuesday-Blitz-April-23-2024"]
[Site "Chess.com"]
[Date "2024.04.23"]
[Round "8"]
[White "Roosters19"]
[Black "MikeWizard"]
[Result "1/2-1/2"]
[WhiteElo "2326"]
[BlackElo "2195"]
[TimeControl "180+1"]
[EndTime "9:31:15 PDT"]
[Termination "Game drawn by repetition"]

1. d4 Nf6 2. Bg5 Ne4 3. Bf4 d5 4. e3 Bf5 5. Bd3 e6 6. Nf3 Bd6 7. Bg3 Nxg3 8. hxg3 Bxd3 9. Qxd3 g6 10. Nbd2 Nd7 11.
g4 c5 12. dxc5 Nxc5 13. Qe2 Qb6 14. b3 Qb4 15. O-O O-O 16. c4 Rac8 17. g5 Be7 18. e4 dxc4 19. Nxc4 b5 20. Ncd2 Rfd8 21. Rfd1 Nd3 22. Nf1 Nc5 23. Ng3 Rxd1+ 24. Rxd1 Rd8 25. Rxd8+ Bxd8 26. e5 Qf4 27. Qxb5 Be7 28. Qe8+ Bf8 29. Qc8 Qc1+ 30. Kh2 Nd3 31. Qxc1 Nxc1 32. Ne4 Nxa2 33. Nf6+ Kg7 34. Ne8+ Kg8 35. Nf6+ Kg7 36. Ne8+ Kg8 37.
Nf6+ 1/2-1/2

[Event "Early-Titled-Tuesday-Blitz-April-23-2024"]
[Site "Chess.com"]
[Date "2024.04.23"]
[Round "8"]
[White "ninguno46"]
[Black "AlexTruskavetsky"]
[Result "0-1"]
[WhiteElo "2537"]
[BlackElo "2691"]
[TimeControl "180+1"]
[EndTime "9:31:16 PDT"]
[Termination "AlexTruskavetsky won by resignation"]

1. e4 c5 2. Nc3 Nc6 3. f4 g6 4. Nf3 Bg7 5. Bb5 d6 6. O-O Bd7 7. Bxc6 Bxc6 8. d3 e6 9. a4 a6 10.
a5 b5 11. axb6 Qxb6 12. Kh1 Ne7 13. Qe1 O-O 14. Qh4 f6 15. Rb1 a5 16. Bd2 a4 17.
f5 gxf5 18. Bh6 Ng6 19. Qh5 fxe4 20. dxe4 Qb7 21. Rbd1 Rad8 22. Bc1 Bxe4 23. Nxe4 Qxe4 24. Rde1 Qd5 25. Qh3 Qf5 26. Qg3 Qxc2 27. Rxe6 Rde8 28. Rxd6 Qc4 29. Rg1 Re4 30. h3 Rfe8 31. Rd7 R4e7 32. Rdd1 f5 33. Bg5 Rf7 34. Qd6 Bxb2 35. Rge1 Ref8 36.
Re6 Bg7 37. Qb6 a3 38. Rc6 a2 39. Rxc5 Qe2 40. Rcc1 Ne5 41. Qb3 Nxf3 42. gxf3 a1=Q 43. Rxa1 Bxa1 44. Rxa1 Kh8 45. Rg1 Rg7 46. h4 Qe6 47. Qc3 Kg8 48. Bh6 Rxg1+ 0-1

[Event "Early-Titled-Tuesday-Blitz-April-23-2024"]
[Site "Chess.com"]
[Date "2024.04.23"]
[Round "8"]
[White "David_George21"]
[Black "Likvidator228"]
[Result "0-1"]
[WhiteElo "2331"]
[BlackElo "2508"]
[TimeControl "180+1"]
[EndTime "9:31:16 PDT"]
[Termination "Likvidator228 won on time"]

1. e4 c5 2. Nf3 g6 3. d4 cxd4 4.
Nxd4 Bg7 5. c4 Nc6 6. Be3 Qb6 7. Nb3 Qd8 8. Nc3 Nf6 9. Be2 d6 10. O-O O-O 11. f3 Be6 12. Nd4 Nxd4 13. Bxd4 Nd7 14. Bxg7 Kxg7 15. Kh1 Qb6 16. Qd2 a5 17. f4 f6 18. f5 Bf7 19. Rf3 Ne5 20. Rh3 g5 21. Nd5 Bxd5 22. cxd5 h6 23. Rh5 Qb4 24. Qe3 Qxb2 25.
Rg1 Rac8 26. h4 Rc3 27. Qf2 Rc2 28. hxg5 hxg5 29. Re1 Rh8 30. Rxh8 Kxh8 31. Qe3 Kg7 32. Kg1 Qxa2 33. Bf1 Qb2 34. Rd1 a4 35. Qh3 a3 36.
Qh5 Qb6+ 37. Kh1 Qd8 38. Kg1 Qh8 0-1

[Event "Early-Titled-Tuesday-Blitz-April-23-2024"]
[Site "Chess.com"]
[Date "2024.04.23"]
[Round "8"]
[White "Ramu_K_FM_FT"]
[Black "maracayo"]
[Result "0-1"]
[WhiteElo "2110"]
[BlackElo "2337"]
[TimeControl "180+1"]
[EndTime "9:31:20 PDT"]
[Termination "maracayo won by resignation"]

1. e4 d6 2. d4 Nf6 3. Nc3 c6 4. Nf3 Qa5 5. Bd3 e5 6. dxe5 dxe5 7. O-O Be7 8. Bd2 Qc7 9. Be3 O-O 10. Ne2 Re8 11.
Ng3 Nbd7 12. Nh4 Nc5 13. Bxc5 Bxc5 14. Nhf5 g6 15. Ne3 Be6 16. a3 Rad8 17. Qe2 b5 18.
c4 a6 19. Rac1 Qa7 20. cxb5 cxb5 21. b4 Bxe3 22. fxe3 Ng4 23. h3 Qxe3+ 24. Qxe3 Nxe3 25. Rf3 Rxd3 26. Re1 Nc2 27. Rxd3 Nxe1 28. Rd2 Bc4 29.
Kf2 Nd3+ 0-1

[Event "Early-Titled-Tuesday-Blitz-April-23-2024"]
[Site "Chess.com"]
[Date "2024.04.23"]
[Round "8"]
[White "h4parah5"]
[Black "vladislavkovalev"]
[Result "1-0"]
[WhiteElo "3031"]
[BlackElo "2862"]
[TimeControl "180+1"]
[EndTime "9:31:21 PDT"]
[Termination "h4parah5 won by resignation"]

1. d4 Nf6 2. Nf3 e6 3. Bf4 d5 4.
e3 c5 5. Nbd2 Nc6 6. c3 cxd4 7. exd4 Nh5 8. Be3 Bd6 9. Ne5 g6 10. g4 Ng7 11. h4 h5 12. g5 Nxe5 13. dxe5 Bxe5 14. Nf3 Bd6 15. Bd4 e5 16. Bb5+ Bd7 17.
Bxd7+ Qxd7 18. Nxe5 Bxe5 19. Bxe5 O-O 20. Qd4 Nf5 21.
Qf4 d4 22. O-O-O Qe6 23. Kb1 dxc3 24. Bxc3 Rfe8 25. Rhe1 Qc6 26. a3 a6 27. Re5 Re6 28.
Ka1 Rd6 29. Rde1 Rad8 30. Ka2 Qd7 31. Qc4 Rd5 32. Rxd5 Qxd5 33. Re8+ Rxe8 34. Qxd5 1-0

[Event "Early-Titled-Tuesday-Blitz-April-23-2024"]
[Site "Chess.com"]
[Date "2024.04.23"]
[Round "8"]
[White "PawnEatingZombie"]
[Black "Arteler"]
[Result "1-0"]
[WhiteElo "2238"]
[BlackElo "2331"]
[TimeControl "180+1"]
[EndTime "9:31:23 PDT"]
[Termination "PawnEatingZombie won on time"]

1. e4 e5 2. Nf3 d6 3. d4 exd4 4.
Nxd4 Nf6 5. f3 Be7 6. Be3 O-O 7. c4 Nc6 8. Nc3 a6 9. Be2 Bd7 10. O-O Rb8 11. Qd2 Nxd4 12. Bxd4 b5 13. cxb5 axb5 14. b4 Rb7 15. Nd5 Nxd5 16. exd5 c5 17. dxc6 Bxc6 18. Rac1 Qd7 19. Bxg7 Kxg7 20. Qc3+ Bf6 21.
Qxc6 Qe7 22. Bxb5 Rbb8 23. a4 Rfc8 24. Qe4 Qa7+ 25. Kh1 Rxc1 26. Rxc1 Qb6 27. Rd1 Rd8 28. Qg4+ Kh8 29. Qf5 Bg7 30. Bd3 1-0